Cogmind - Beta 9.1 @@@ ROGUE MODE // 2019.10.28 @ 23:23:58 Player: bugsniper Result: Destroyed by 8R-AWN with 8R-AWN's Boregun Performance ------------- Evolutions (1) 500 Regions Visited (5) 1000 Robots Destroyed (67) 335 Value Destroyed (1269) 1269 Prototype IDs (29) 580 Alien Tech Used (0) 0 Bonus (-15) -15 TOTAL SCORE: 3669 Bonus ------- Aligned with FarCom 300 Friendly Fire -315 Cogmind --------- Core Integrity 0/400 Matter 178/300 Energy 23/265 System Corruption 8% Temperature Cool (68) Location -9/Exiles Parts ------- Power (1) Improved Ion Engine Propulsion (3) Utility (3) Large Storage Unit Large Storage Unit Hardened Light Armor Plating Weapon (2) Advanced Beam Cannon Inventory (16) Light Armor Plating Light Armor Plating Hacking Suite Beam Rifle Spread Laser Beam Cannon Mace Katana Peak State ------------ Power (None) Propulsion Light Treads Light Treads Utility Large Storage Unit Large Storage Unit Cloak of Protection Weapon Spread Laser Heavy Assault Rifle Inventory Improved Ion Engine Light Armor Plating Light Armor Plating Hardened Light Armor Plating Hacking Suite Beam Rifle Beam Rifle Beam Cannon Beam Cannon Beam Cannon Advanced Beam Cannon Mace Katana [Rating: 18] Favorites ----------- Power Light Ion Engine Engine Light Ion Engine Propulsion Light Treads Treads Light Treads Leg Aluminum Leg Utility Large Storage Unit Device Improved Heat Sink Storage Large Storage Unit Processor Targeting Computer Protection Light Armor Plating Weapon Beam Cannon Energy Gun EM Pulse Gun Energy Cannon Beam Cannon Ballistic Gun Light Assault Rifle Ballistic Cannon Light Cannon Launcher Grenade Launcher Impact Weapon Hammer Slashing Weapon Katana Build | -11 -10 -10 -9 -9 -9 ------- Run | Scr Mat Min Mat Min Exi Slots Evolved 2 | . . . 2 . . Power . | . . . . . . Propulsion 1 | . . . 1 . . Utility 1 | . . . 1 . . Weapon . | . . . . . . Parts Attached 65 | . 24 8 15 3 15 Power 5 | . 2 1 1 . 1 Engine 5 | . 2 1 1 . 1 Core . | . . . . . . Reactor . | . . . . . . Propulsion 15 | . 6 2 6 . 1 Treads 13 | . 4 2 6 . 1 Leg 2 | . 2 . . . . Wheel . | . . . . . . Hover . | . . . . . . Flight . | . . . . . . Utility 9 | . 4 . 2 1 2 Device 3 | . 1 . . 1 1 Storage 2 | . 2 . . . . Processor 2 | . 1 . 1 . . Hackware . | . . . . . . Protection 2 | . . . 1 . 1 Artifact . | . . . . . . Weapon 36 | . 12 5 6 2 11 Energy Gun 12 | . 3 3 3 . 3 Energy Cannon 7 | . . . 2 1 4 Ballistic Gun 3 | . 2 . . . 1 Ballistic Cannon 3 | . 3 . . . . Launcher 8 | . 3 2 1 1 1 Special Weapon . | . . . . . . Impact Weapon 2 | . 1 . . . 1 Slashing Weapon 1 | . . . . . 1 Piercing Weapon . | . . . . . . Special Melee Weapon . | . . . . . . Unidentified Prototypes . | . . . . . . Parts Lost 24 | . 2 2 8 . 12 Power 2 | . . . 1 . 1 Propulsion 8 | . . 1 3 . 4 Utility 2 | . . . . . 2 Weapon 12 | . 2 1 4 . 5 Highest Loss Streak 12 | . 2 2 3 . 12 Average Slot Usage (%) 96 | . 97 100 91 100 95 Engine 11 | . 14 14 10 11 10 Treads 27 | . 20 28 26 33 30 Leg 1 | . 7 . . . . Device 5 | . 2 . . 10 10 Storage 23 | . 23 28 22 22 22 Processor 1 | . 1 . 7 . . Energy Gun 7 | . 4 27 13 . . Energy Cannon 11 | . . . 8 22 19 Ballistic Gun 2 | . 11 . . . . Ballistic Cannon 1 | . 9 . . . . Naked Turns . | . . . . . . Heaviest Build 46 | 12 41 41 46 44 46 Greatest Support 60 | 20 40 40 60 60 60 Greatest Overweight (x) 2 | . 1 1 2 . 2 Average Overweight (x) . | . . . . . . Largest Inventory Capacity 16 | . 16 16 16 16 16 Average Capacity 15 | . 13 16 16 16 16 Most Carried 16 | . 16 16 16 16 16 Average Carried 14 | . 10 15 14 15 15 Final Capacity 16 | 6 16 16 16 16 16 Final Carried 16 | 6 14 16 16 16 8 Class Distribution -------------------- 51% | Mutant 48% | Scavenger-Mutant Dominant Class ---------------- Mutant | -10/Materials Mutant | -10/Mines Mutant | -9/Materials Scavenger-Mutant | -9/Mines Scavenger-Mutant | -9/Exiles Resources | -11 -10 -10 -9 -9 -9 ----------- Run | Scr Mat Min Mat Min Exi Matter Collected 979 | 200 428 118 155 50 28 Remotely . | . . . . . . Salvage Created 1777 | . 490 229 717 254 87 Parts 129 | . 55 16 49 9 . Haulers Intercepted 4 | . 2 . 2 . . Recyclers Shooed 2 | . . . 2 . . Parts Field Recycled . | . . . . . . Retrieved Matter . | . . . . . . Parts Self-Destructed . | . . . . . . Prevented . | . . . . . . Kills | -11 -10 -10 -9 -9 -9 ------- Run | Scr Mat Min Mat Min Exi Combat Hostiles Destroyed 47 | . 15 6 13 6 7 Guns 15 | . 4 2 6 . 3 Cannons 11 | . 4 . 2 5 . AOE 20 | . 7 4 4 1 4 Classes Destroyed 13 | . 7 1 . 2 3 Worker 5 | . 3 . 2 . . Builder 4 | . 3 . 1 . . Hauler 4 | . 2 . 2 . . Recycler 4 | . 2 . 2 . . Operator 1 | . 1 . . . . Turret 1 | . . . . . 1 Swarmer 15 | . 9 2 4 . . Grunt 16 | . 6 2 5 3 . Brawler 2 | . . . . 2 . Duelist 1 | . . . . 1 . Sentry 6 | . . 2 4 . . Zionite 1 | . . . . . 1 Assembled 7 | . . . . . 7 Best Kill Streak 10 | . 10 2 6 2 9 Combat Bots Only 7 | . 6 2 4 2 7 Max Kills in Single Turn 4 | . 4 2 3 2 4 Gunslinging . | . . . . . . Exploded 3 | . 3 2 2 1 2 Melee . | . . . . . . Uniques/NPCs Destroyed 1 | . . . . . 1 EX-DEC (-9/Exiles) Combat | -11 -10 -10 -9 -9 -9 -------- Run | Scr Mat Min Mat Min Exi Damage Taken 3479 | . 664 530 650 128 1507 Core 612 | . 60 147 126 22 257 Absorbed by Shields . | . . . . . . Core Remaining (%) 58 | 100 . 17 . . . Volleys Fired 175 | . 62 19 40 14 40 Largest 2 | . 2 2 2 2 2 Hottest 121 | . 100 80 120 120 121 Shots Fired 282 | . 93 38 77 26 48 Gun 190 | . 60 36 62 . 32 Cannon 74 | . 25 . 12 24 13 Launcher 18 | . 8 2 3 2 3 Special . | . . . . . . Kinetic 78 | . 71 . . . 7 Thermal 86 | . 12 . 12 24 38 Explosive 18 | . 8 2 3 2 3 Electromagnetic 100 | . 2 36 62 . . Robot Hit Streak 23 | . 10 23 12 15 7 Robot Miss Streak 4 | . 3 3 4 2 3 Penetration Max . | . . . . . . Secondary Targets 1 | . . 1 . . . Max Gunslinging Chain 1 | . . 1 . . . Shots Hit Robots 201 | . 65 30 51 15 40 Core Hits 120 | . 43 10 30 8 29 Critical Hits 2 | . 1 . . . 1 Critical Kills . | . . . . . . Critical Parts Destroyed 2 | . 1 . . . 1 Melee Attacks 7 | . . . . . 7 Impact . | . . . . . . Slashing 7 | . . . . . 7 Piercing . | . . . . . . Sneak Attacks 2 | . . . . . 2 Combat Hostiles . | . . . . . . Follow-up Attacks . | . . . . . . Damage Inflicted 4810 | . 1548 549 1506 432 775 Guns 1328 | . 404 360 417 . 147 Cannons 834 | . 316 . 176 335 7 Explosions 2298 | . 828 189 913 87 281 Melee 340 | . . . . . 340 Ramming 10 | . . . . 10 . Kinetic 642 | . 571 . . . 71 Thermal 1547 | . 124 100 905 335 83 Explosive 1469 | . 828 89 184 87 281 Electromagnetic 802 | . 25 360 417 . . Impact . | . . . . . . Slashing 340 | . . . . . 340 Piercing . | . . . . . . Highest Corruption 8 | . . . . . 8 Average Corruption 7 | . . . . . 7 Corruption Purged . | . . . . . . Effects 5 | . . . . . 5 Matter Fused 1 | . . . . . 1 Parts Rejected 1 | . . . . . 1 Data Loss (major) 1 | . . . . . 1 Targeting Errors 1 | . . . . . 1 Weapon Failures 1 | . . . . . 1 Overload Shots . | . . . . . . Overflow Damage 159 | . 10 . 133 13 3 Projectiles 13 | . . . . 13 . Explosions 143 | . 10 . 133 . . Melee 3 | . . . . . 3 Knockbacks 3 | . 3 . . . . Impact . | . . . . . . Kinetic 3 | . 3 . . . . Secondary . | . . . . . . Self-Inflicted Damage 436 | . 21 109 224 11 71 Shots 12 | . 1 3 5 1 2 Rammed 4 | . 1 . . 3 . Targets Rammed 4 | . 1 . . 3 . Kicked . | . . . . . . Crushed . | . . . . . . Highest Temperature 352 | . 261 233 184 352 108 Average Temperature 74 | . 66 86 56 162 37 Received Heat Transfer 517 | . 156 132 171 54 4 Siege Activations . | . . . . . . Robots Corrupted 1 | . . . 1 . . Combat Hostiles 1 | . . . 1 . . Parts Fried 4 | . . 3 1 . . Impact Corruptions . | . . . . . . Robots Melted . | . . . . . . Combat Hostiles . | . . . . . . Parts Melted 3 | . . . 1 2 . Heat Transferred 2307 | . 370 100 870 703 264 Parts Sabotaged . | . . . . . . Parts Stolen . | . . . . . . Parts Stripped . | . . . . . . Power Chain Reactions 5 | . . 2 3 . . Missiles Intercepted . | . . . . . . Alert | -11 -10 -10 -9 -9 -9 ------- Run | Scr Mat Min Mat Min Exi Peak Influence 330 | . 330 240 295 154 . Average Influence 139 | . 171 133 203 59 . Maximum Alert Level 1 | . 1 1 1 . . Low Security (%) 62 | . . . . . . Level 1 37 | . . . . . . Level 2 . | . . . . . . Level 3 . | . . . . . . Level 4 . | . . . . . . Level 5 . | . . . . . . High Security . | . . . . . . Max Security . | . . . . . . Squads Dispatched 6 | . 4 . 2 . . Investigation . | . . . . . . Extermination . | . . . . . . Reinforcement 6 | . 4 . 2 . . Assault . | . . . . . . Garrison . | . . . . . . Intercept . | . . . . . . Construction Impeded 1 | . . . 1 . . Haulers Reinforced . | . . . . . . Stealth | -11 -10 -10 -9 -9 -9 --------- Run | Scr Mat Min Mat Min Exi Distress Signals 3 | . 1 . 2 . . Communications Jammed . | . . . . . . Distress Signals . | . . . . . . Times Spotted 88 | . 32 7 21 11 17 Peak Tracking Total 13 | . 7 3 5 3 13 Tactical Retreats 9 | . 3 . . 5 1 Traps | -11 -10 -10 -9 -9 -9 ------- Run | Scr Mat Min Mat Min Exi Traps Triggered 1 | . 1 . . . . Indirectly . | . . . . . . Trap Hack Attempts . | . . . . . . Triggered . | . . . . . . Disarmed . | . . . . . . Reprogrammed . | . . . . . . Reused . | . . . . . . Traps Extracted . | . . . . . . Installed . | . . . . . . Triggered . | . . . . . . Machines | -11 -10 -10 -9 -9 -9 ---------- Run | Scr Mat Min Mat Min Exi Machines Disabled 12 | . 2 . 7 . 3 Max in Single Turn 5 | . 2 . 5 . 1 Machines Sabotaged . | . . . . . . Garrisons Compromised . | . . . . . . Overloaded Fab Kills . | . . . . . . Fab Network Shutdowns . | . . . . . . Hacking | -11 -10 -10 -9 -9 -9 --------- Run | Scr Mat Min Mat Min Exi Machines Accessed 8 | . 4 . 2 1 1 Terminals 7 | . 4 . 2 1 . Fabricators . | . . . . . . Repair Stations . | . . . . . . Recycling Units . | . . . . . . Scanalyzers . | . . . . . . Garrison Access . | . . . . . . Total Hacks 18 | . 10 . 5 2 1 Successful 13 | . 8 . 3 1 1 Failed 5 | . 2 . 2 1 . Catastrophic 1 | . 1 . . . . Database Lockouts . | . . . . . . Manual 6 | . 3 . 2 . 1 Terminals 17 | . 10 . 5 2 . Fabricators . | . . . . . . Repair Stations . | . . . . . . Recycling Units . | . . . . . . Scanalyzers . | . . . . . . Garrison Access . | . . . . . . Terminal Hacks 10 | . 6 . 2 1 1 Prototype ID Bank 3 | . 2 . 1 . . Recycling Unit Index 1 | . . . 1 . . Locate Traps 1 | . 1 . . . . Maintenance Status 1 | . 1 . . . . Security Status 1 | . 1 . . . . Zone Layout 2 | . 1 . . 1 . EX-Prototype ID Bank 1 | . . . . . 1 Fabricator Hacks . | . . . . . . Repair Station Hacks . | . . . . . . Recycling Unit Hacks . | . . . . . . Scanalyzer . | . . . . . . Garrison Access Hacks . | . . . . . . Unauthorized Hacks 7 | . 4 . 3 . . Terminals 3 | . 2 . 1 . . Botnet 1 | . 1 . . . . Disrupt 2 | . 1 . 1 . . Fabricators . | . . . . . . Repair Stations . | . . . . . . Recycling Units . | . . . . . . Scanalyzers . | . . . . . . Garrison Access . | . . . . . . Data Cores Recovered . | . . . . . . Used . | . . . . . . Hacking Detections 6 | . 4 . 2 . . Full Trace Events . | . . . . . . Feedback Events . | . . . . . . Feedback Blocked . | . . . . . . Robot Schematics Acquired . | . . . . . . Robots Built . | . . . . . . Matter . | . . . . . . Time . | . . . . . . Total Robot Build Rating . | . . . . . . Part Schematics Acquired . | . . . . . . Parts Built . | . . . . . . Matter . | . . . . . . Time . | . . . . . . Total Part Build Rating . | . . . . . . Parts Repaired . | . . . . . . Time . | . . . . . . Parts Recycled . | . . . . . . Recycled Matter . | . . . . . . Retrieved Matter . | . . . . . . Retrieved Components . | . . . . . . Parts Scanalyzed . | . . . . . . Part Schematics Acquired . | . . . . . . Parts Damaged . | . . . . . . Bothacking | -11 -10 -10 -9 -9 -9 ------------ Run | Scr Mat Min Mat Min Exi Used RIF Installer . | . . . . . . Robots Hacked . | . . . . . . Non-combat . | . . . . . . Combat . | . . . . . . Robot Hacks Applied . | . . . . . . Relay Couplers Released . | . . . . . . Robots Rewired . | . . . . . . Allies Hacked . | . . . . . . Hacks Repelled . | . . . . . . Allies | -11 -10 -10 -9 -9 -9 -------- Run | Scr Mat Min Mat Min Exi Total Allies 3 | . . . . 3 . Largest Group 3 | . . . . 3 3 Highest-Rated Group 40 | . . . . 40 40 Highest-Rated Ally 16 | . . . . 16 16 Total Orders . | . . . . . . Ally Attacks 16 | . . . . . 16 Total Damage 166 | . . . . . 166 Kills 1 | . . . . . 1 Allies Corrupted . | . . . . . . Allies Melted . | . . . . . . Intel | -11 -10 -10 -9 -9 -9 ------- Run | Scr Mat Min Mat Min Exi Robot Analysis Total . | . . . . . . Derelict Logs Recovered 1 | . . . . 1 . Drone Launches . | . . . . . . Drone Recoveries . | . . . . . . Exploration | -11 -10 -10 -9 -9 -9 ------------- Run | Scr Mat Min Mat Min Exi Turns Passed 4938 | . 1081 707 820 1006 1324 Spaces Moved 2538 | 1 567 385 359 588 638 Core . | . . . . . . Treads 2369 | . 399 385 359 588 638 Legs 169 | 1 168 . . . . Wheels . | . . . . . . Hover . | . . . . . . Flight . | . . . . . . Fastest Speed 120 | 120 120 160 160 160 160 Average Speed 160 | 120 150 163 171 160 160 Slowest Speed 200 | 120 180 180 200 160 200 Overloaded Moves . | . . . . . . Propulsion Burnouts . | . . . . . . Robots Hopped . | . . . . . . Cave-ins Triggered . | . . . . . . Exploration Rate (%) 62 | 1 95 75 38 98 65 Regions Visited 5 Branch Regions 3 Pre-discovered Areas 1 | . . . . 1 . Known Exits Taken . | . . . . . . Unknown Exits Taken 5 | 1 1 1 1 1 . Scrap Searched 3 | . . 2 . 1 . Spaces Dug 37 | . . 17 . 20 . Terrain Destroyed 96 | . 28 25 22 20 1 Melee . | . . . . . . Projectile . | . . . . . . AOE 96 | . 28 25 22 20 1 Actions | -11 -10 -10 -9 -9 -9 --------- Run | Scr Mat Min Mat Min Exi Total 3127 | . 707 422 491 628 879 Wait 264 | . 19 7 54 15 169 Move 2533 | . 566 384 358 587 638 Hop . | . . . . . . Pick Up 41 | . 16 3 14 3 5 Fast Attach 12 | . 7 . 4 . 1 Attach 18 | . 1 2 7 . 8 Detach 2 | . 2 . . . . Swap 35 | . 16 6 4 3 6 Drop 36 | . 17 1 10 3 5 Fire 175 | . 62 19 40 14 40 Melee 7 | . . . . . 7 Ram . | . . . . . . Kick . | . . . . . . Crush 4 | . 1 . . 3 . Escape Stasis . | . . . . . . Rewire . | . . . . . . Trap . | . . . . . . Miscellaneous . | . . . . . . Route ------- -11/Scrapyard -10/Materials (discovered 4 exits: *Mat x3 / [*Min]) -10/Mines -9/Materials (discovered 2 exits: [*Mat] / *Min) -9/Mines (discovered 3 exits: [*Mat x2] / *Exi) -9/Exiles (discovered 1 exit: [*Min]) History --------- Turn | Location | Event 1 | -11/Scrapyard | Discovered new exit (range 0) 1 | -11/Scrapyard | Entered Materials 303 | -10/Materials | Discovered new exit (range 8) 315 | -10/Materials | Build established: Mutant 555 | -10/Materials | Discovered new exit (range 15) 768 | -10/Materials | Discovered new exit (range 16) 918 | -10/Materials | Discovered new exit (range 13) 1082 | -10/Materials | Entered Mines 1391 | -10/Mines | Discovered new exit (range 8) 1428 | -10/Mines | Core integrity fell below 50% 1441 | -10/Mines | Core integrity fell below 20% 1789 | -10/Mines | Entered Materials 1789 | -9/Materials | Evolved 2 slots: Propulsion x1, Utility x1 2112 | -9/Materials | Lost 3 parts (2n1w) 2290 | -9/Materials | Discovered new exit (range 14) 2543 | -9/Materials | Discovered new exit (range 8) 2609 | -9/Materials | Entered Mines 2624 | -9/Mines | Met a Derelict bent on vengeance 2715 | -9/Mines | Build established: Scavenger-Mutant 2766 | -9/Mines | Discovered new exit (range 11) 3152 | -9/Mines | Discovered new exit (range 5) 3242 | -9/Mines | Learned Materials emergency access door positions 3242 | -9/Mines | Assisted by bots powering up and referring to "LRC-V3" 3344 | -9/Mines | Learned location of Storage (-7) 3498 | -9/Mines | Deemed a non-threat by the Exiles lab entrance 3605 | -9/Mines | Discovered new exit (range 5) 3615 | -9/Mines | Entered Exiles 3615 | -9/Exiles | Accompanied by 3 allies 3641 | -9/Exiles | Discovered new exit (range 15) 3671 | -9/Exiles | Met 8R-AWN 3697 | -9/Exiles | Met EX-HEX 3742 | -9/Exiles | Met EX-BIN 3764 | -9/Exiles | Aligned with FarCom system 3766 | -9/Exiles | Given EX-Vault access code 3807 | -9/Exiles | Opened EX-Vault 3915 | -9/Exiles | Found Cloak of Protection 3950 | -9/Exiles | Warned to stay clear of 0b10 Research branches 4389 | -9/Exiles | Met EX-DEC 4787 | -9/Exiles | Attacked by the Exiles 4797 | -9/Exiles | Allies destroyed EX-DEC 4810 | -9/Exiles | Core integrity fell below 50% 4858 | -9/Exiles | Destroyed 7 combat bots 4895 | -9/Exiles | Core integrity fell below 20% 4939 | -9/Exiles | Destroyed by 8R-AWN with 8R-AWN's Boregun Last Messages --------------- 04886_ HV Slug penetrates Wall. 04886_ Penetrated by HV Slug. 04886_ Critical hit. 04886_ Lgt. Treads destroyed. 04887_ System corrupted: Matter fused (-9). 04890_ Penetrated by HV Slug. 04895_ Machine disabled. 04898_ System corrupted: Beam Rifle failed to cycle. 04900_ Penetrated by HV Slug. 04908_ Critical hit. 04908_ Cloak of Protection destroyed. 04908_ Penetrated by HV Slug. 04925_ Critical hit. 04925_ Penetrated by HV Slug. 04929_ Beam Rifle destroyed. 04929_ Penetrated by HV Slug. 04929_ Critical hit. 04934_ Penetrated by HV Slug. 04934_ HV Slug penetrates Machine. 04939_ Penetrated by HV Slug. Map ----- +----------------------------------------------------+ | #????????????????????????????#" "X" | | ##?????????????" ????????????#" """ | | "#???????????? ""?????????#" """"" | | ###???????????" "?????????##" ###### | | ##??????????# #????????##"" #????? | | "###"" ######???### ###?######"" #????? | | ?????##" """#####X# #"###""""""" ##???? | | ??????#" """""" " "" ##??? | | ??????#"# "" """ " #### | | ??????#### " " | | ?????????### | | ???????????### | | ?????????????## | | ??????????????## | | ???????????????##" | | ????????????????#""" """""" | | ???????????????##" ######""" | | ???????????????#" ""##????#####""" | | ??????????????##"" """##?????????##""" | | ??????????????#" = """##???????????#"""" | | ??????????????#"" * ""#???????????##"" | | ??????????????#"" #######??####"""" | | ??????????????#"" % ##%aa####""" | | ??????????????#"" % ! """ | | ??????????????## = g | | ???????????????#" !%[ @ % % | | ???????????????## *% | | ????????????????#" "" | | ????????????????#""" "## ##""" " | | ????????????????#" ""#### ######"" | | ????????????????#" """"##??# #????### | | ????????????????# """#???# #??????# | | ????????????????## ""##???! ??????? | | ?????????????????#"" &%! """##???#" ?????? | | ?????????????????##""" ! ##????#" ?????? | | ??????????????????##"""" ##?????#!!""!"????? | | ???????????????????### #???????######????? | | ?????????????????????##### ##?????????????????? | | ?????????????????????????## #??????????????????? | | ??????????????????????????? #??????????????????? | | ??????????????????????????? ?????????????????????? | | ?????????????????????????????????????????????????? | | ?????????????????????????????????????????????????? | | ?????????????????????????????????????????????????? | | ?????????????????????????????????????????????????? | | ?????????????????????????????????????????????????? | | ?????????????????????????????????????????????????? | | ?????????????????????????????????????????????????? | | ?????????????????????????????????????????????????? | | ?????????????????????????????????????????????????? | +----------------------------------------------------+ Best States ------------- Heat Dissipation 42 Energy Generation 10 Energy Capacity 250 Matter Stores 300 Matter Capacity 300 Sight Range 16 Terrain Scan Density 10 Armor Coverage 150 Evasion (%) 40 Targeting Accuracy 5 Recoil Reduction 3 Item Schematics ----------------- None Robot Schematics ------------------ None Fabricated ------------ Nothing Alien Tech Used ----------------- None Achievements -------------- None Challenges ------------ None Game ------ Seed SiegeDeliveryNetwork Manual? 0 Play Time 00:36:11 Cumulative 391.5 hours Start 2019.10.28 @ 22:51:14 End 2019.10.28 @ 23:23:58 Sessions 1 Manual Loads 0 Difficulty Rogue Special Mode None Game No. 186 Rogue 186 Adventurer 0 Explorer 0 Win Type - Total 11 Types 10/0/1/0/0/0/0 Lore% 76 Gallery% 82 Achievement% 50 Wizard Run 0 Options --------- ASCII 0 Keyboard 0 Movement Numpad Keybinds 0 Fullscreen 1 Font 18/SmallcapsGlow Map View 76x50 Tactical HUD 1 Map Filters NONE Filters NONE Steam 1 RUN: bb25835f-3ae1-4d1c-a460-d95c3fef1815